 Dungeon Crawl Stone Soup version 0.31-a0-983-g7b6862f502 (webtiles) character file.

Game seed: 17162656579634889102

4887 p00ps00p the Cleaver (level 10, -2/93 HPs)
             Began as a Hill Orc Fighter on Nov 3, 2023.
             Was an Initiate of Gozag.
             Slain by a yak (13 damage)
             ... on level 9 of the Dungeon.
             The game lasted 00:17:56 (9450 turns).

p00ps00p the Cleaver (Hill Orc Fighter)             Turns: 9450, Time: 00:17:57

Health: -2/93      AC: 18    Str: 24    XL:     10   Next: 50%
Magic:  10/10      EV: 17    Int:  8    God:    Gozag
Gold:   448        SH:  6    Dex: 10    Spells: 9/9 levels left

rFire   . . .        x - +0 broad axe
rCold   . . .        c - +0 buckler
rNeg    . . .        C - +0 plate armour
rPois   .            t - +0 helmet
rElec   .            k - +2 cloak {Will+}
rCorr   .            (no gloves)
SInv    .            (no boots)
Will    +....        (no amulet) Stlth
                     f - +5 ring of evasion
HPRegen 0.35/turn    v - +5 ring of evasion
MPRegen 0.12/turn

%: no passive effects
@: gold aura, on berserk cooldown, slowed, very slow
A: no striking features
a: Renounce Religion, Potion Petition, Call Merchant, Bribe Branch


You were on level 9 of the Dungeon.
You worshipped Gozag.
Gozag was aware of your devotion.
You visited 2 branches of the dungeon, and saw 10 of its levels.
You also visited: Sewer.

You collected 2192 gold pieces.
You spent 936 gold pieces at shops.
You paid 808 gold pieces to Gozag.

Inventory:

Hand Weapons
 a - a +1 war axe
 w - the +9 hammer "Ugada" {heavy, Dex+2}
   (You found it on level 5 of the Dungeon)

   Dex+2:     It affects your dexterity (+2).
 x - a +0 broad axe (weapon)
Missiles
 m - a throwing net
 q - 3 curare-tipped darts (quivered)
Armour
 c - a +0 buckler (worn)
 k - a +2 cloak of willpower (worn)
 t - a +0 helmet (worn)
 u - a +1 ring mail of cold resistance
 C - a +0 plate armour (worn)
Jewellery
 f - a +5 ring of evasion (left hand)
 v - a +5 ring of evasion (right hand)
 y - a ring of magical power
Wands
 s - a wand of roots (5)
 B - a wand of flame (20)
Scrolls
 g - 3 scrolls of immolation
 j - a scroll of silence
 p - a scroll of vulnerability
Potions
 b - a potion of enlightenment
 d - 3 potions of might
 e - 5 potions of lignification
 h - a potion of degeneration
 i - 4 potions of mutation
 l - 3 potions of magic
 n - 3 potions of cancellation {unknown}
 r - 4 potions of brilliance {unknown}
 z - 3 potions of haste
 A - 2 potions of heal wounds {unknown}


   Skills:
 + Level 9.8 Fighting
 + Level 10.2 Axes
 + Level 9.0 Armour
 + Level 9.0 Shields


You had 9 spell levels left.
You didn't know any spells.
Your spell library contained the following spells:

 Spells                   Type           Power      Damage    Failure   Level
 Magic Dart               Conj           0%         1d3       99%         1
 Call Imp                 Summ           0%         N/A       100%        2
 Ensorcelled Hibernation  Hex/Ice        0%         N/A       100%        2
 Jinxbite                 Hex            0%         N/A       100%        2
 Sublimation of Blood     Necr           0%         N/A       100%        2
 Wereblood                Tmut           0%         N/A       100%        2
 Mephitic Cloud           Conj/Pois/Air  0%         N/A       100%        3
 Anguish                  Hex/Necr       0%         N/A       100%        4
 Summon Hydra             Summ           0%         N/A       100%        7


Dungeon Overview and Level Annotations

Branches:
Dungeon (9/15)             Temple (1/1) D:4           Sewer (visited)
   Lair: D:8-11         Orc: D:9-12

Altars:
Ashenzari
Cheibriados
Dithmenos
Elyvilon
Fedhas
Gozag
Hepliaklqana
Kikubaaqudgha
Makhleb
Nemelex Xobeh
Okawaru
Qazlal
Ru
Sif Muna
Trog
Uskayaw
Vehumet
Wu Jian
Xom
Yredelemnul
Zin
The Shining One

Shops:
D:4 =   D:5 [   D:8 !


Message History

You slash the yak!
The yak is moderately wounded.
You hit the yak. The yak barely misses you. You block the yak's attack.
Unknown command.
You slash the yak!
The yak is heavily wounded.
You barely miss the yak. x2; You slash the white ugly thing!
The yak gores you but does no damage.
The white ugly thing gores you but does no damage.
The tengu warrior hits you but does no damage.
You block the yak's attack. The yak gores you but does no damage.
You barely miss the yak.
The yak is heavily wounded.
You closely miss the white ugly thing. You barely miss the yak.
You hit the yak but do no damage.
Unknown command.
You slice the yak!!
You kill the yak!
You hit the white ugly thing. You hit the yak. You closely miss the yak.
The yak closely misses you. The white ugly thing gores you.
The white ugly thing freezes you!!
* * * LOW HITPOINT WARNING * * *
You block the yak's attack.
The tengu warrior completely misses you.
Your Shields skill increases to level 9!
You are no longer berserk.
You are exhausted.
You feel yourself slow down. The yak attacks as it pursues you!
The yak gores you but does no damage. The yak misses you.
There is an escape hatch in the ceiling, spattered with blood here.
You see here 18 gold pieces.
You hit the yak.
The yak is lightly wounded.
You barely miss the yak. The yak barely misses you.
The yak gores you but does no damage.
The tengu warrior hits you from afar with a +0 glaive!
* * * LOW HITPOINT WARNING * * *
The yak gores you!
You die...
Your body crumbles into a pile of gold.

~~~~≈≈≈ ###~~~~≈~~~
#..~~~~S~~~ #.#~~P~~~~~~ #
#############<#~~P~~~P~~
.............#.#P~~~!~~~~~
#.#.#.#.#.###.#.#SP....PPP~
......$...##Q..............
⌠.....⌠...@Yu..............
..._......Y#...##.#.#......
⌠.....⌠...###.###...#...>..
.......!.$# #.# ###u.....#.
#.#.#.#.#.# #.#####........
z.........# #.#............
................###.......#
# #########..#### #u....#.#
#. #..# #.#.#.# #


You could see a white ugly thing, a tengu warrior, 2 yaks and an electric eel.

Vanquished Creatures
  Jeremiah (D:7)
  A kobold demonologist (D:9)
  A troll (D:8)
  A hornet (D:6)
  4 yaks
  Eustachio (D:6)
  2 steam dragons (D:7)
  Menkaure (D:4)
  2 water moccasins
  An orc warrior (D:8)
  2 ice beasts
  A black bear (D:4)
  Pargi (Sewer)
  2 centaurs
  A phantom (D:7)
  2 kobold brigands (D:8)
  Blork the orc (D:6)
  3 bullfrogs
  A scorpion (D:5)
  8 wights
  A howler monkey (D:8)
  4 jellies
  3 hounds
  A gnoll bouda (D:7)
  5 orc priests
  Crazy Yiuf (D:5)
  11 orc wizards
  2 sleepcaps (D:5)
  An iguana (D:5)
  8 gnolls
  6 adders
  2 white imps
  5 worms
  A dart slug (D:2)
  34 orcs
  3 ball pythons
  6 endoplasms
  3 giant cockroaches
  8 goblins
  3 hobgoblins
  6 jackals
  3 quokkas
  10 bats
  3 frilled lizards
  21 kobolds
  4 rats
192 creatures vanquished.

Vanquished Creatures (others)
  An orc wizard (D:8)
1 creature vanquished.

Grand Total: 193 creatures vanquished

Notes
Turn   | Place    | Note
-------+----------+-------------------------------------------
     0 | D:1      | p00ps00p the Hill Orc Fighter began the quest for the Orb.
     0 | D:1      | Reached XP level 1. HP: 19/19 MP: 1/1
   115 | D:1      | Reached XP level 2. HP: 27/27 MP: 2/2
   145 | D:1      | Reached skill level 3 in Axes
   372 | D:1      | Reached XP level 3. HP: 27/33 MP: 3/3
  1045 | D:2      | Found a radiant altar of Vehumet.
  1049 | D:2      | Reached XP level 4. HP: 40/40 MP: 4/4
  1772 | D:3      | Found a sparkling altar of Nemelex Xobeh.
  2135 | D:3      | Identified a scroll of acquirement
  2138 | D:3      | Acquired 981 gold pieces
  2188 | D:4      | Noticed a black bear
  2190 | D:4      | Reached skill level 4 in Axes
  2190 | D:4      | Reached XP level 5. HP: 45/47 MP: 5/5
  2198 | D:4      | Killed a black bear
  2412 | D:4      | Found a staircase to the Ecumenical Temple.
  2422 | Temple   | Entered the Ecumenical Temple
  2443 | Temple   | Became a worshipper of Gozag Ym Sagoz the Greedy
  2477 | D:4      | Bought a +5 ring of evasion for 468 gold pieces
  2504 | D:4      | Noticed an ice beast
  2512 | D:4      | Killed an ice beast
  2513 | D:4      | Reached skill level 5 in Fighting
  2513 | D:4      | Reached XP level 6. HP: 56/56 MP: 6/6
  2616 | D:4      | Found a snail-covered altar of Cheibriados.
  2685 | D:4      | Reached skill level 5 in Axes
  3466 | D:5      | Entered Level 5 of the Dungeon
  3466 | D:5      | Noticed Menkaure
  3466 | D:5      | Noticed a water moccasin
  3479 | D:4      | Killed Menkaure
  3480 | D:4      | Reached skill level 5 in Armour
  3480 | D:4      | Reached skill level 5 in Shields
  3480 | D:4      | Reached XP level 7. HP: 11/61 MP: 7/7
  3798 | D:5      | Found a glowing drain.
  3911 | Sewer    | Entered a sewer
  4084 | Sewer    | Noticed Pargi
  4101 | Sewer    | Killed Pargi
  4102 | Sewer    | Reached skill level 6 in Axes
  4500 | D:5      | Reached XP level 8. HP: 57/70 MP: 8/8
  4766 | D:5      | Found Pouff's Armour Boutique.
  4838 | D:5      | Found a runed translucent door.
  4839 | D:5      | Noticed Crazy Yiuf
  5063 | D:5      | Killed Crazy Yiuf
  5069 | D:5      | Identified the +9 hammer "Ugada" {heavy, Dex+2}
  5384 | D:6      | Noticed Blork the orc
  5387 | D:6      | Killed Blork the orc
  5410 | D:6      | Reached skill level 7 in Axes
  5426 | D:6      | Noticed Eustachio
  5444 | D:6      | Killed Eustachio
  5963 | D:6      | Reached XP level 9. HP: 62/79 MP: 9/9
  6173 | D:6      | Found an ornate altar of the Wu Jian Council.
  6327 | D:6      | Reached skill level 8 in Axes
  6365 | D:7      | Noticed a hornet
  6368 | D:7      | Paralysed by a hornet for 1 turns
  6377 | D:6      | Killed a hornet
  6884 | D:4      | Bought a +5 ring of evasion for 468 gold pieces
  7281 | D:7      | Noticed Jeremiah
  7297 | D:7      | Killed Jeremiah
  7566 | D:7      | Reached skill level 9 in Axes
  7751 | D:7      | Found a bloodstained altar of Trog.
  7812 | D:7      | Found a glowing golden altar of the Shining One.
  7816 | D:7      | Found a stormy altar of Qazlal.
  7958 | D:8      | Reached XP level 10. HP: 91/91 MP: 10/10
  8062 | D:8      | Identified the +8 short sword "Nuacigugh" {antimagic,
                  | Fragile rPois rN++ Dex+2}
  8253 | D:8      | Found Apseatui's Distillery.
  8828 | D:9      | Found a white marble altar of Elyvilon.
  8859 | D:8      | Reached skill level 10 in Axes
  9412 | D:9      | Noticed a kobold demonologist
  9420 | D:9      | Noticed a tengu warrior
  9424 | D:9      | Killed a kobold demonologist
  9425 | D:9      | Noticed a white ugly thing
  9425 | D:9      | Noticed a red ugly thing
  9450 | D:9      | Slain by a yak

Illustrated notes

Levels and vault maps discovered:
D:1:      lemuel_arrival_lava_pool, layout_basic
D:2:      layout_basic, basic_altar
D:3:      layout_basic, nemelex_xobeh_ov_fountains_minmay,
          nicolae_twisty_statue_hallways
D:4:      layout_layer_cave, slow_altar_1, minmay_temple_entry_overgrown,
          eino_small_chamber_without_monster
D:5:      layout_gridville, cheibrodos_sewer_entry_sluice, serial_shops,
          nicolae_shop_hallway_plus, uniq_menkaure, uniq_crazy_yiuf_cottage
D:6:      layout_rooms, mainiacjoe_overflow_alcove_2, uniq_blork_the_orc,
          uniq_eustachio
D:7:      layout_cave_pools, minmay_overflow_temple_star_quad,
          minmay_hedge_maze, palyth_stone_intersect, uniq_jeremiah
D:8:      layout_loops_ring, serial_shops, nicolae_shop_stone, nicolae_wwwww
D:9:      minmay_the_grid_octo_triangle [minmay_the_grid_octo_shrine,
          minmay_the_grid_octo_prize_ultimate_mussel_roller,
          minmay_the_grid_octo_fan_narrow], layout_loops_ring, elyvilon_altar_5,
          serial_bayou, serial_bayou_lake_a, serial_bayou_crossing,
          serial_bayou_shore_a, serial_bayou_lagoon_a, gammafunk_ghost_grave,
          nrook_uturn
Temple:   hellmonk_temple_of_storms

Skill      XL: |  1  2  3  4  5  6  7  8  9 10 |
---------------+-------------------------------+-----
Axes           | 3 4 5 6 7 9 10 | 10.2
Fighting       | 4 5 6 7 9 |  9.8
Shields        | 4 5 6 8 9 |  9.0
Armour         | 4 5 6 8 9 |  9.0

Action                     |  1- 3 |  4- 6 |  7- 9 | 10-12 || total
---------------------------+-------+-------+-------+-------++-------
  Melee: War axe           |   111 |   113 |   114 |       ||   338
         Mace              |       |       |    31 |       ||    31
         Broad axe         |       |       |   135 |   110 ||   245
 Invoke: Call Merchant     |       |     1 |       |       ||     1
         Potion Petition   |       |       |       |     1 ||     1
  Evoke: Wand              |       |       |    12 |       ||    12
    Use: Scroll            |     4 |     9 |     4 |       ||    17
         Potion            |       |     1 |     4 |     1 ||     6
   Stab: Distracted        |       |       |     1 |     1 ||     2
 Armour: Scale mail        |    91 |    81 |    54 |       ||   226
         Ring mail         |       |       |   146 |    17 ||   163
         Plate armour      |       |       |       |    78 ||    78
  Dodge: Dodged            |    62 |    55 |   298 |    99 ||   514
  Block: Buckler           |    23 |    25 |   123 |    30 ||   201

Table legend: (Time is in decaauts)
 A = Elapsed time spent in this place.
 B = Non-inter-level travel time spent in this place.
 C = Inter-level travel time spent in this place.
 D = Time resting spent in this place.
 E = Time spent auto-exploring this place.
 F = Levels seen in this place.
 G = Mean time per level.
                   A        B        C        D        E       F      G
               +--------+--------+--------+--------+--------+-----+--------+
         Total |   9587 |   9165 |    422 |   2580 |   4932 |  11 |  871.5 |
       Dungeon |   9193 |   8812 |    381 |   2410 |   4813 |   9 | 1021.4 |
        Temple |     42 |      1 |     41 |      0 |      0 |   1 |   42.0 |
         Sewer |    351 |    351 |      0 |    170 |    119 |   1 |  351.0 |
               +--------+--------+--------+--------+--------+-----+--------+

Top non-repeatable levels by time:
     D:4: 1576 daAuts
     D:6: 1546 daAuts
     D:5: 1331 daAuts
     D:8: 1284 daAuts
     D:7: 972 daAuts
     D:3: 817 daAuts
     D:1: 797 daAuts
     D:2: 610 daAuts
   Sewer: 351 daAuts
     D:9: 257 daAuts
  Temple: 42 daAuts
